 Dungeon Crawl Stone Soup version 0.32-a0-705-g60f2335 (webtiles) character file.

Game seed: 17098378663419609234

6 Dorkslayer the Ducker (level 1, 0/16 HPs)
             Began as an Octopode Fighter on Mar 14, 2024.
             Slain by a kobold
             ... wielding a +0 short sword
              (5 damage)
             ... on level 1 of the Dungeon.
             The game lasted 00:00:49 (138 turns).

Dorkslayer the Ducker (Octopode Fighter)             Turns: 138, Time: 00:00:50

Health: 0/16       AC:  1    Str: 15    XL:     1   Next: 90%
Magic:  1/1        EV: 12    Int: 10    God:
Gold:   26         SH:  4    Dex: 11    Spells: 0/0 levels left

rFire   . .          .
                       - Unarmed
rCold   . . .        a - +0 buckler
rNeg    . . .        (helmet restricted)
rPois   .            (no amulet)
rElec   .            (no ring)
rCorr   .            (no ring)
SInv    .            (no ring)
Will    .....        (no ring)
Stlth   ++           (no ring)
HPRegen 0.22/turn    (no ring)
MPRegen 0.07/turn    (no ring)
                     (no ring)

%: no passive effects
@: no status effects
A: almost no armour, amphibious, 8 rings, camouflage 1, gelatinous body 1,
(nimble swimmer 1), tentacles
a: no special abilities


You were on level 1 of the Dungeon.
You visited 1 branch of the dungeon, and saw 1 of its levels.

You collected 26 gold pieces.

Inventory:

Missiles
 d - 5 atropa-tipped darts (quivered)
Armour
 a - a +0 buckler (worn)
Potions
 b - a potion of might
 c - a potion of lignification {unknown}


   Skills:
 + Level 3.0 Fighting
 + Level 3.2 Dodging
 + Level 3.1 Shields
 + Level 2.0 Unarmed Combat


You couldn't memorise any spells.
You didn't know any spells.
Your spell library was empty.

Dungeon Overview and Level Annotations

Branches:
Dungeon (1/15)

Altars:


Innate Abilities, Weirdness & Mutations

You cannot wear most types of armour.
You are amphibious.
You can wear up to eight rings at the same time.
Your skin changes colour to match your surroundings (Stealth+).
Your rubbery body absorbs attacks. (AC +1, EV +1)
((You are camouflaged when in or above water. (Stealth+)))
You have tentacles for arms and can constrict up to eight enemies at once.


Message History

You see here a +0 hand axe.
A jackal comes into view.
The helpless rat fails to defend itself.
You tentacle-slap the rat. Your grab misses the rat.
The rat is heavily wounded.
The rat bites you.
You tentacle-slap the rat.
You kill the rat! 2 jackals come into view.
The jackal barks! x2; You hear a bark!
You hear a shout!
You block the jackal's attack.
A jackal comes into view.
You miss the jackal.
The jackal barks!
You grab the jackal. You constrict the jackal. The jackal bites you.
The jackal barely misses you.
The jackal struggles to escape constriction.
The jackal barely misses you.
You tentacle-slap the jackal but do no damage.
You squeeze the jackal.
You kill the jackal!
The jackal closely misses you.
A kobold comes into view. It is wielding a +0 short sword.
You closely miss the jackal. Your grab misses the jackal. The jackal bites you.
You block the jackal's attack. The jackal bites you.
The jackal barely misses you.
You barely miss the jackal. Your grab misses the jackal.
Your squeeze misses the jackal. The jackal misses you.
The jackal closely misses you.
You barely miss the jackal. You grab the jackal. You constrict the jackal.
The jackal misses you. The jackal bites you.
The kobold hits you with a +0 short sword.
You tentacle-slap the jackal but do no damage.
You squeeze the jackal.
You kill the jackal!
The jackal bites you but does no damage.
The kobold barely misses you. The jackal bites you.
The kobold hits you with a +0 short sword.
You die...

.....#...#######[##)######
.....#....# #.##.#
..#..#....# #.##.###
.....##.... #......#
#######.....###.#...†.####
.........###.......#
#.....###h#.....##.#
#hK....# # #@##.###
#......##.# #########..
###


You could see 2 jackals and a kobold.

Vanquished Creatures
  An endoplasm (D:1)
  A hobgoblin (D:1)
  2 jackals (D:1)
  A rat (D:1)
5 creatures vanquished.

Notes
Turn   | Place    | Note
-------+----------+-------------------------------------------
     0 | D:1      | Dorkslayer the Octopode Fighter began the quest for the
                  | Orb.
     0 | D:1      | Reached XP level 1. HP: 16/16 MP: 1/1
   138 | D:1      | Slain by a kobold

Illustrated notes

Levels and vault maps discovered:
D:1:      lemuel_arrival_broad_hall, layout_loops_ring, minmay_heptomino_w4

Action                     || total
---------------------------++-------
  Melee: Unarmed           ||    11
         Tentacles         ||     5
         Constrict         ||     2
   Stab: Sleeping          ||     1
 Armour: Skin              ||    10
  Dodge: Dodged            ||     8
  Block: Buckler           ||     2

Table legend: (Time is in decaauts)
 A = Elapsed time spent in this place.
 B = Non-inter-level travel time spent in this place.
 C = Inter-level travel time spent in this place.
 D = Time resting spent in this place.
 E = Time spent auto-exploring this place.
 F = Levels seen in this place.
 G = Mean time per level.
                   A        B        C        D        E       F      G
               +--------+--------+--------+--------+--------+-----+--------+
         Total |    138 |    138 |      0 |      0 |     62 |   1 |  138.0 |
       Dungeon |    138 |    138 |      0 |      0 |     62 |   1 |  138.0 |
               +--------+--------+--------+--------+--------+-----+--------+

Top non-repeatable levels by time:
     D:1: 138 daAuts
